 Dungeon Sprint DCSS version 0.28-a0-429-g1448048969 (webtiles) character file.

Game seed: 13309398443638522600

10432 dolemite99 the Harbinger of Death (level 11, -1/121 HPs)
             Began as a Deep Dwarf Fighter on Sept 12, 2021.
             Was a High Priest of Yredelemnul.
             Slain by a dire elephant (17 damage)
             ... in the Dungeon (Sprint III: "The Ten Rune Challenge").
             The game lasted 00:11:31 (1415 turns).

dolemite99 the Harbinger of Death (DDFi)            Turns: 1415, Time: 00:11:31

Health: -1/121     AC: 13    Str: 23    XL:     11   Next: 36%
Magic:  7/10       EV:  8    Int:  9    God:    Yredelemnul [*****.]
Gold:   2181       SH:  4    Dex: 12    Spells: 8/10 levels left

rFire   . . .      SeeInvis .   a - +0 war axe
rCold   . . .      Faith    .   c - +0 buckler
rNeg    . . .      Spirit   .   d - +0 chain mail
rPois   .          Reflect  .   (no helmet)
rElec   .          Harm     .   (no cloak)
rCorr   .          Rampage  .   (no gloves)
Will    +....      NoTele   +   (no boots)
Stlth   ..........              (no amulet)
HPRegen 0.00/turn               (no ring)
MPRegen 0.12/turn               (no ring)

@: no status effects
A: damage resistance, heal wounds, sense surroundings 2, no regeneration
a: Heal Wounds, Renounce Religion, Recall Undead Slaves, Injury Mirror, Animate
Dead, Drain Life, Enslave Soul


You were in the Dungeon.
You worshipped Yredelemnul.
Yredelemnul was extremely pleased with you.
You visited 1 branch You collected 2181 gold pieces.

Inventory:

Hand Weapons
 a - a +0 war axe (weapon)
 f - a +2 morningstar of distortion
 g - a +2 long sword of holy wrath
 i - a +0 hand axe of venom
 p - a +0 dire flail
Armour
 b - a +0 scale mail
 c - a +0 buckler (worn)
 d - a +0 chain mail (worn)
Scrolls
 j - a scroll of blinking
 m - a scroll of holy word
Potions
 e - 2 potions of curing
 h - a potion of magic
 k - a potion of cancellation
 l - 4 potions of mutation
 o - 2 potions of flight
Miscellaneous
 n - a phantom mirror (inert)


   Skills:
 + Level 14.5 Fighting
 * Level 13.6 Axes
 + Level 14.2 Armour
 - Level 3.2 Shields
 - Level 16.5 Invocations
 - Level 8.8 Evocations


You had 8 spell levels left.
You knew the following spells:

 Your Spells              Type           Power      Damage    Failure   Level
a - Passwall              Tmut/Erth      0%         N/A       97%         2

Your spell library contained the following spells:

 Spells                   Type           Power      Damage    Failure   Level
 Sandblast                Erth           0%         2d4       90%         1
 Ozocubu's Armour         Ice            0%         N/A       99%         3
 Stone Arrow              Conj/Erth      0%         3d7       99%         3
 Metabolic Englaciation   Hex/Ice        0%         N/A       100%        5
 Simulacrum               Ice/Necr       0%         N/A       100%        6


Dungeon Overview and Level Annotations

Branches:
Dungeon (1/1)

Altars:
Cheibriados
Dithmenos
Elyvilon
Fedhas
Gozag
Hepliaklqana
Kikubaaqudgha
Makhleb
Nemelex Xobeh
Okawaru
Qazlal
Ru
Sif Muna
Trog
Uskayaw
Vehumet
Wu Jian
Xom
Yredelemnul
Zin
The Shining One
Beogh
Jiyva
Lugonu

Shops:
D :


Innate Abilities, Weirdness & Mutations

You are resistant to damage.
You can heal yourself by infusing magical energy.
You passively map the area around you.
You do not regenerate.


Message History

Your magical essence is drained by the effort!
You feel much better.
Your vampire barely misses the dire elephant.
Your vampire bites the dire elephant but does no damage.
The dire elephant splashes around in the water. x2
The dire elephant tramples you!!
* * * LOW HITPOINT WARNING * * *
You hold your ground!
The dire elephant trunk-slaps you.
* * * LOW HITPOINT WARNING * * *
You hit the dire elephant but do no damage.
The dire elephant is severely wounded.
You hit the dire elephant.
Your vampire hits the dire elephant but does no damage.
Your vampire bites the dire elephant but does no damage.
You block the dire elephant's attack.
The dire elephant trunk-slaps you but does no damage.
You block the dire elephant's attack.
The dire elephant splashes around in the water.
You slash the dire elephant!
The dire elephant is moderately wounded.
You hit the dire elephant but do no damage.
Your vampire hits the dire elephant!
Your vampire bites the dire elephant.
Your vampire draws strength from the dire elephant's injuries!
You feel much better. The dire elephant tramples you.
* * * LOW HITPOINT WARNING * * *
You hold your ground!
The dire elephant trunk-slaps you!
* * * LOW HITPOINT WARNING * * *
The dire elephant tramples you but does no damage.
You block the dire elephant's attack.
Your vampire barely misses the dire elephant.
Your vampire completely misses the dire elephant.
You hit the dire elephant.
The dire elephant is severely wounded.
You barely miss the dire elephant. The dire elephant tramples you!
* * * LOW HITPOINT WARNING * * *
You hold your ground!
The dire elephant trunk-slaps you but does no damage.
The dire elephant tramples you!!
You die...
Your body rises from the dead as a mindless zombie.

#.####.##..###...'.⌠........#).)#
.###..##.†####...#...######.#)#..
#.....##..###....#.⌠.#__#...#'###
###..##...##.....#)[.#__#...#....
##..##....#......#'###__#..)##.#.
#..###..##†#.....#[).#__#..)'##)#
#..# #..#####....#___#__'...#)).#
▓▓▓▓▓▓▓▓▓▓▓▓▓▓▓▓▓▓▓▓▓▓▓▓▓▓▓▓▓▓▓▓▓
▓...'≈≈≈≈≈≈≈≈≈♣♣@....♣♣♣♣Z≈≈.....
#≈≈≈≈§≈≈≈≈♣♣YY≈≈≈'♣♣'♣≈≈≈≈≈≈≈ *
#≈≈≈≈≈.≈Z≈≈V.....#.≈♣♣♣♣♣♣♣♣♣
,#≈≈≈§.≈V≈≈♣♣♣♣♣♣♣#..♣ ,
,#.≈§§≈≈≈≈≈♣ ###+*** * *
####+######** ,**, * ,,,, , , ,,
* ,, *,** * *+ * ** ** * ,* , *+≈
* ,, , , ,


You could see 2 dire elephants and a friendly vampire (invisible).

Vanquished Creatures
  Dowan (D)
  Erolcha (D)
  3 orc knights (D)
  2 deep elf zephyrmancers (D)
  3 deep elf pyromancers (D)
  A blink frog (D)
  A shadow (D)
  2 orc warriors (D)
  A necrophage (D)
  4 two-headed ogres (D)
  A water elemental (D)
  A scorpion (D)
  A jelly (D)
  An orc priest (D)
  A wizard (D)
  A necromancer (D)
  3 orc wizards (D)
  3 humans (D)
  8 orcs (D)
  An endoplasm (D)
  3 rats (D)
43 creatures vanquished.

Vanquished Creatures (collateral kills)
  A deep elf knight (D)
  2 elephants (D)
  2 cane toads (D)
  Duvessa (D)
  A rime drake (D)
  A komodo dragon (D)
  A two-headed ogre (D)
  3 wandering mushrooms (D)
  4 blink frogs (D)
  2 redbacks (D)
  A swamp drake (D)
  An orc (D)
  A ballistomycete spore (D)
21 creatures vanquished.

Vanquished Creatures (others)
  2 hydras (D)
  9 flying skulls (D)
  A vampire (D)
  4 wights (D)
  A kobold demonologist (D)
  A redback zombie (D)
  A cane toad zombie (D)
  5 orc zombies (D)
  4 blink frog zombies (D)
  An elephant zombie (D)
  A two-headed ogre zombie (D)
  2 human zombies (D)
  7 plants (D)
39 creatures vanquished.

Grand Total: 103 creatures vanquished

Notes
Turn   | Place    | Note
-------+----------+-------------------------------------------
     0 | D        | dolemite99 the Deep Dwarf Fighter began the quest for the
                  | Orb.
     0 | D        | Reached XP level 1. HP: 20/20 MP: 1/1
   154 | D        | Reached XP level 2. HP: 27/27 MP: 2/2
   166 | D        | Noticed a scorpion
   176 | D        | Killed a scorpion
   177 | D        | Reached XP level 3. HP: 18/33 MP: 3/3
   177 | D        | Reached XP level 4. HP: 22/40 MP: 4/4
   212 | D        | Noticed a water elemental
   215 | D        | Killed a water elemental
   216 | D        | Reached XP level 5. HP: 46/46 MP: 5/5
   230 | D        | Found a basalt altar of Yredelemnul.
   230 | D        | Found a shadowy altar of Dithmenos.
   230 | D        | Found a sacrificial altar of Ru.
   230 | D        | Noticed a necrophage
   238 | D        | Killed a necrophage
   239 | D        | Reached XP level 6. HP: 55/55 MP: 6/6
   246 | D        | Became a worshipper of Yredelemnul the Dark
   250 | D        | Noticed a shadow
   254 | D        | Killed a shadow
   259 | D        | Found a blossoming altar of Fedhas.
   259 | D        | Found a stormy altar of Qazlal.
   260 | D        | Found a snail-covered altar of Cheibriados.
   260 | D        | Found a burning altar of Makhleb.
   260 | D        | Found a hazy altar of Hepliaklqana.
   260 | D        | Found a shimmering altar of Xom.
   260 | D        | Found an opulent altar of Gozag.
   260 | D        | Found a sparkling altar of Nemelex Xobeh.
   260 | D        | Found a corrupted altar of Lugonu.
   260 | D        | Found a viscous altar of Jiyva.
   260 | D        | Noticed a spatial vortex
   266 | D        | Noticed a two-headed ogre
   266 | D        | Noticed a two-headed ogre
   267 | D        | Noticed a two-headed ogre
   268 | D        | Killed a two-headed ogre
   269 | D        | Reached skill level 4 in Invocations
   270 | D        | Killed a two-headed ogre
   270 | D        | Reached * piety under Yredelemnul
   271 | D        | Reached skill level 7 in Invocations
   271 | D        | Reached XP level 7. HP: 61/61 MP: 6/12
   274 | D        | Reached skill level 8 in Invocations
   325 | D        | Found Cuecienke's Book Emporium.
   327 | D        | Reached ** piety under Yredelemnul
   328 | D        | Reached skill level 9 in Invocations
   329 | D        | Reached skill level 10 in Invocations
   330 | D        | Reached skill level 11 in Invocations
   332 | D        | Noticed an orc knight
   332 | D        | Noticed an orc knight
   333 | D        | Noticed an orc knight
   334 | D        | Reached *** piety under Yredelemnul
   346 | D        | HP: 2/61 [orc knight (21)]
   352 | D        | Killed an orc knight
   352 | D        | Received a gift from Yredelemnul (a wight)
   353 | D        | Reached skill level 14 in Invocations
   353 | D        | Reached XP level 8. HP: 44/68 MP: 14/17
   362 | D        | Killed an orc knight
   363 | D        | Reached skill level 16 in Invocations
   428 | D        | Killed an orc knight
   429 | D        | Gained mutation: You passively map the area around you.
                  | [Deep Dwarf growth]
   429 | D        | Reached XP level 9. HP: 51/74 MP: 17/17
   491 | D        | Noticed a deep elf zephyrmancer
   491 | D        | Noticed a deep elf pyromancer
   491 | D        | Noticed a deep elf pyromancer
   491 | D        | Noticed a deep elf zephyrmancer
   491 | D        | Noticed a deep elf knight
   515 | D        | Killed a deep elf zephyrmancer
   516 | D        | Reached skill level 10 in Armour
   532 | D        | Killed a deep elf knight
   541 | D        | Killed a deep elf zephyrmancer
   556 | D        | Killed a deep elf pyromancer
   557 | D        | Reached XP level 10. HP: 36/81 MP: 16/16
   611 | D        | Killed a deep elf pyromancer
   612 | D        | Reached skill level 5 in Fighting
   744 | D        | Found a hide-covered altar of Uskayaw.
   744 | D        | Found an iron altar of Okawaru.
   745 | D        | Found a bloodstained altar of Trog.
   745 | D        | Found an ornate altar of the Wu Jian Council.
   765 | D        | Found a glowing silver altar of Zin.
   765 | D        | Found a glowing golden altar of the Shining One.
   765 | D        | Found a white marble altar of Elyvilon.
   765 | D        | Noticed a deep elf pyromancer
   780 | D        | Killed a deep elf pyromancer
   793 | D        | Found a radiant altar of Vehumet.
   793 | D        | Found a shimmering blue altar of Sif Muna.
   793 | D        | Found an ancient bone altar of Kikubaaqudgha.
   823 | D        | Learned a level 2 spell: Passwall
   864 | D        | Noticed Erolcha
   883 | D        | Reached **** piety under Yredelemnul
   883 | D        | Received a gift from Yredelemnul (a wight)
   888 | D        | Killed Erolcha
   889 | D        | Reached skill level 10 in Fighting
   906 | D        | Received a gift from Yredelemnul (4 flying skulls)
  1065 | D        | Noticed Dowan
  1065 | D        | Noticed Duvessa
  1078 | D        | Killed Duvessa
  1094 | D        | Killed Dowan
  1095 | D        | Received a gift from Yredelemnul (5 flying skulls)
  1095 | D        | Reached XP level 11. HP: 51/115 MP: 6/15
  1147 | D        | Killed a four-headed hydra
  1148 | D        | Received a gift from Yredelemnul (a wight)
  1188 | D        | Received a gift from Yredelemnul (a vampire)
  1213 | D        | Killed a four-headed hydra
  1231 | D        | Received a gift from Yredelemnul (a wight)
  1336 | D        | Reached ***** piety under Yredelemnul
  1341 | D        | Received a gift from Yredelemnul (a vampire)
  1379 | D        | Noticed a dire elephant
  1382 | D        | Noticed a dire elephant
  1406 | D        | HP: 5/121 [dire elephant (9)]
  1407 | D        | HP: 1/121 [dire elephant (3)]
  1415 | D        | Slain by a dire elephant

Illustrated notes

Levels and vault maps discovered:
D:        dungeon_sprint_mu [sprint_mu_entry_cave, sprint_mu_temple_rooms,
          sprint_mu_d1_spiders, sprint_mu_d2_genie, sprint_mu_d3_branching,
          sprint_mu_orc_legion, sprint_mu_elf_gauntlet, sprint_mu_hive_nellie,
          sprint_mu_lair_fedhas, sprint_mu_vaults_butterflies,
          sprint_mu_slime_circle, sprint_mu_swamp_cave, sprint_mu_snake_twists,
          sprint_mu_blade_basic, sprint_mu_crypt_fortress,
          sprint_mu_tomb_spiral, sprint_mu_vestibule_basic,
          sprint_mu_gehenna_hellfire, sprint_mu_dis_giant,
          sprint_mu_tartarus_statrot, sprint_mu_cocytus_islands, sprint_mu_zot1]

Skill      XL: |  1  2  3  4  5  6  7  8  9 10 11 |
---------------+----------------------------------+-----
Axes           | 6 9 11 13 | 13.6
Evocations     | 8 |  8.8
Invocations    | 7 14 16 | 16.5
Armour         | 8 14 | 14.2
Fighting       | 12 14 | 14.5
Shields        | |  3.2

Action                   |  1- 3 |  4- 6 |  7- 9 | 10-12 || total
-------------------------+-------+-------+-------+-------++-------
Melee: War axe           |    37 |    11 |    52 |    81 ||   181
Invok: Injury Mirror     |       |       |     5 |     4 ||     9
       Animate Dead      |       |       |     1 |     9 ||    10
       Animate Remains   |       |       |     3 |       ||     3
       Drain Life        |       |       |       |     8 ||     8
 Abil: Heal Wounds       |     1 |     1 |    24 |    21 ||    47
Evoke: Wand              |       |     4 |    11 |       ||    15
       Phantom mirror    |       |       |     1 |     4 ||     5
  Use: Scroll            |       |     4 |       |       ||     4
       Potion            |       |     1 |     2 |     4 ||     7
Armor: Scale mail        |    15 |     3 |     1 |       ||    19
       Chain mail        |       |       |    33 |    42 ||    75
Dodge: Dodged            |    13 |     2 |    24 |    33 ||    72
Block: Buckler           |     4 |     1 |     8 |    25 ||    38

Table legend: (Time is in decaauts)
 A = Elapsed time spent in this place.
 B = Non-inter-level travel time spent in this place.
 C = Inter-level travel time spent in this place.
 D = Time resting spent in this place.
 E = Time spent auto-exploring this place.
 F = Levels seen in this place.
 G = Mean time per level.
                   A        B        C        D        E       F      G
               +--------+--------+--------+--------+--------+-----+--------+
         Total |   1423 |   1397 |     26 |    466 |     37 |   1 | 1423.0 |
       Dungeon |   1423 |   1397 |     26 |    466 |     37 |   1 | 1423.0 |
               +--------+--------+--------+--------+--------+-----+--------+

Top non-repeatable levels by time:
       D: 1423 daAuts
